[Event "World Chess Olympiad 2018"]
[Site "Batumi"]
[Date "2018.10.02"]
[Round "8.1"]
[White "Richmond, Jane"]
[Black "Parveen, Tanima"]
[Result "1-0"]
[ECO "C78"]
[WhiteElo "2053"]
[BlackElo "2022"]
[PlyCount "115"]
[EventDate "2018.??.??"]
[TimeControl "6000+945"]
[WhiteClock "0:18:36"]
[BlackClock "0:23:52"]

1. e4 e5 2. Nf3 Nc6 3. Bb5 a6 4. Ba4 Nf6 5. O-O b5 6. Bb3 Bb7 7. d4 Nxd4 8.
Bxf7+ Kxf7 9. Nxe5+ Kg8 10. Qxd4 d6 11. Nf3 Bxe4 12. Bg5 Bb7 13. Nc3 Be7 14.
Rfe1 Qd7 15. Qe3 Bd8 16. Rad1 h6 17. Bh4 Qg4 18. Bg3 Bxf3 19. gxf3 Qf5 20. Kh1
Kh7 21. Ne4 Re8 22. Qd3 Qg6 23. Bf4 Nxe4 24. fxe4 Bh4 25. Re2 Qg4 26. Bc1 Kh8
27. Rg1 Qh5 28. f4 Re7 29. Reg2 Rae8 30. Qh3 Rxe4 31. Bd2 Re2 32. Bc3 Qd5 33.
Bxg7+ Kh7 34. Qxh4 R8e6 35. Qd8 Re8 36. Qh4 R8e6 37. h3 Rg6 38. Bxh6 Rxh6 39.
Qg4 Rxg2 40. Rxg2 Qf7 41. Kh2 Rh5 42. Re2 Rh6 43. f5 d5 44. Kg3 c5 45. Re6 Qc7+
46. Kf3 Rxe6 47. fxe6 Qe5 48. Qh4+ Kg6 49. Qg3+ Qxg3+ 50. Kxg3 Kf6 51. Kf4 Kxe6
52. h4 Kf6 53. h5 a5 54. h6 d4 55. Ke4 a4 56. Kd5 b4 57. b3 axb3 58. axb3 1-0

[Event "World Chess Olympiad 2018"]
[Site "Batumi"]
[Date "2018.10.01"]
[Round "7.1"]
[White "Richmond, Jane"]
[Black "Bejatovic, Bojana"]
[Result "1/2-1/2"]
[ECO "B24"]
[WhiteElo "2053"]
[BlackElo "2057"]
[PlyCount "76"]
[EventDate "2018.??.??"]
[TimeControl "6000+795"]
[WhiteClock "0:07:47"]
[BlackClock "0:05:46"]

1. e4 c5 2. Nc3 Nc6 3. Bb5 Nd4 4. Nf3 Nxb5 5. Nxb5 d6 6. d4 Nf6 7. Qd3 a6 8.
Nc3 cxd4 9. Nxd4 g6 10. a4 Bg7 11. O-O O-O 12. Rd1 Qa5 13. f3 Bd7 14. Be3 Rac8
15. Rd2 Qb4 16. Nb3 Be6 17. Qd4 Qxd4 18. Nxd4 Bc4 19. Nde2 Nd7 20. Nf4 Rfe8 21.
Nfd5 e6 22. Nf4 Rc6 23. Rad1 Be5 24. Nfe2 d5 25. Bd4 Bc7 26. b3 Bxe2 27. Nxe2
dxe4 28. fxe4 Nc5 29. Bxc5 Rxc5 30. c4 Bb6 31. Kf1 Rec8 32. Rd7 R5c7 33. Nf4
Kf8 34. Ke2 Ke8 35. R7d3 Rc5 36. Kf3 Rd8 37. Rxd8+ Bxd8 38. Nd3 Rc8 1/2-1/2

[Event "World Chess Olympiad 2018"]
[Site "Batumi"]
[Date "2018.09.30"]
[Round "6.1"]
[White "Vo, Thi Kim Phung"]
[Black "Richmond, Jane"]
[Result "1-0"]
[ECO "E06"]
[WhiteElo "2368"]
[BlackElo "2053"]
[PlyCount "137"]
[EventDate "2018.??.??"]
[TimeControl "6000+1650"]
[WhiteClock "0:07:25"]
[BlackClock "0:01:56"]

1. d4 Nf6 2. c4 e6 3. g3 d5 4. Bg2 Be7 5. Nf3 O-O 6. O-O c5 7. cxd5 exd5 8. Nc3
cxd4 9. Nxd4 Nc6 10. Bf4 Bg4 11. h3 Be6 12. Rc1 Rc8 13. Nxc6 bxc6 14. Na4 c5
15. Bg5 Ne4 16. Bxe7 Qxe7 17. Kh2 Qg5 18. e3 Rfe8 19. Nc3 Red8 20. Nxe4 dxe4
21. Qa4 Rd2 22. b3 h5 23. h4 Qf6 24. Kg1 Qb2 25. Qxe4 Qxa2 26. Qe5 Qxb3 27.
Rxc5 Rcd8 28. Qxh5 Bc4 29. Rc1 Be2 30. Qf5 Rd1+ 31. Rxd1 Qxd1+ 32. Kh2 Bg4 33.
Qf4 Be6 34. Be4 Qf1 35. Bg2 Qe1 36. g4 Qe2 37. Kg3 Qd2 38. Rg5 Qc3 39. Qe5
Qxe5+ 40. Rxe5 Bc4 41. Rc5 Bb3 42. Rb5 Bc4 43. Rc5 Bb3 44. Ra5 Rd7 45. Be4 Kf8
46. h5 Bd1 47. f3 Be2 48. g5 a6 49. Kf4 Rd1 50. h6 gxh6 51. gxh6 Bb5 52. Ra2
Rh1 53. h7 f6 54. Rc2 Bd7 55. Rc7 Be6 56. Bf5 Bb3 57. Rc6 Kg7 58. Rxa6 Rh4+ 59.
Kg3 Rh6 60. Ra7+ Kf8 61. e4 Bc4 62. Kf4 Rh4+ 63. Ke3 Bb3 64. Bg6 Rh6 65. Kd4
Be6 66. f4 Bb3 67. Ra3 Be6 68. f5 Bf7 69. Ra8+ 1-0

[Event "World Chess Olympiad 2018"]
[Site "Batumi"]
[Date "2018.09.28"]
[Round "5.1"]
[White "Richmond, Jane"]
[Black "Ortez, Andrea"]
[Result "1-0"]
[ECO "B26"]
[WhiteElo "2053"]
[BlackElo "1772"]
[PlyCount "125"]
[EventDate "2018.??.??"]
[TimeControl "6000+1590"]
[WhiteClock "0:11:10"]
[BlackClock "0:13:09"]

1. e4 c5 2. Nc3 d6 3. g3 g6 4. Bg2 Bg7 5. d3 Nc6 6. Be3 e6 7. Nge2 Rb8 8. d4
cxd4 9. Nxd4 Nge7 10. Ndb5 O-O 11. O-O Qa5 12. a3 a6 13. Nd4 Ne5 14. Nce2 Nc4
15. Bc1 d5 16. b3 Nd6 17. exd5 Nxd5 18. Bd2 Qb6 19. c4 Ne7 20. Bg5 Nef5 21.
Nxf5 Nxf5 22. Rc1 Qa5 23. Qd2 Qxd2 24. Bxd2 Bb2 25. Rc2 Bxa3 26. b4 a5 27. bxa5
Rd8 28. Bc3 Bc5 29. Rb1 Ra8 30. Bxb7 Bxb7 31. Rxb7 Nd6 32. Rc7 Ne4 33. Kg2 Bxf2
34. Bb4 Rdb8 35. Nc3 Be1 36. Nxe4 Bxb4 37. a6 Rxa6 38. Nf6+ Kg7 39. Nd7 Rd8 40.
Ne5 Bd6 41. Rxf7+ Kg8 42. Rd7 Rxd7 43. Nxd7 Kg7 44. c5 Rc6 45. Rd2 Bxc5 46. Rc2
Rc7 47. Nxc5 Kf7 48. Kf3 Ke7 49. Ke3 h6 50. Rc3 Ra7 51. h4 Kf6 52. Ne4+ Kf5 53.
Kf3 Rd7 54. g4+ Ke5 55. Ke3 Rd4 56. Rc5+ Rd5 57. Rxd5+ exd5 58. Nf2 h5 59. g5
Kf5 60. Kf3 Ke5 61. Nd3+ Kf5 62. Nf4 d4 63. Nd3 1-0

[Event "World Chess Olympiad 2018"]
[Site "Batumi"]
[Date "2018.09.26"]
[Round "3.1"]
[White "Richmond, Jane"]
[Black "Castrillon Gomez, Melissa"]
[Result "0-1"]
[ECO "C70"]
[WhiteElo "2053"]
[BlackElo "2248"]
[PlyCount "88"]
[EventDate "2018.??.??"]
[TimeControl "6000+995"]
[WhiteClock "0:31:05"]
[BlackClock "0:32:44"]

1. e4 e5 2. Nf3 Nc6 3. Bb5 a6 4. Ba4 Nge7 5. c3 g6 6. d4 exd4 7. cxd4 b5 8. Bb3
Bg7 9. Nc3 d6 10. h3 O-O 11. O-O Bb7 12. a3 Na5 13. Ba2 c5 14. Bg5 c4 15. Qd2
Re8 16. d5 Bc8 17. Nd4 Bd7 18. Rad1 Qc7 19. Kh1 Nb7 20. Bb1 Nc5 21. f4 f5 22.
Bxe7 Rxe7 23. exf5 Bxd4 24. Qxd4 Bxf5 25. Bxf5 gxf5 26. Rf3 Rf8 27. Rdf1 Nd3
28. b3 Qc5 29. Rg3+ Kf7 30. Rg7+ Ke8 31. Rxe7+ Kxe7 32. Qg7+ Rf7 33. Qg5+ Kd7
34. Qh5 Ke8 35. Rf3 Qd4 36. Rg3 Qxc3 37. Rg8+ Ke7 38. Qe2+ Ne5 39. bxc4 Qc1+
40. Kh2 Qxf4+ 41. g3 Qxc4 42. Qe3 f4 43. Qa7+ Kf6 44. Qf2 f3 0-1

[Event "World Chess Olympiad 2018"]
[Site "Batumi"]
[Date "2018.09.25"]
[Round "2.1"]
[White "Botsari, Anna-Maria"]
[Black "Richmond, Jane"]
[Result "1-0"]
[ECO "E06"]
[WhiteElo "2252"]
[BlackElo "2053"]
[PlyCount "61"]
[EventDate "2018.??.??"]
[TimeControl "6000+1305"]
[WhiteClock "0:26:54"]
[BlackClock "0:08:05"]

1. d4 Nf6 2. c4 e6 3. g3 d5 4. Nf3 Be7 5. Bg2 O-O 6. Qc2 c5 7. O-O cxd4 8. Nxd4
Nc6 9. Nxc6 bxc6 10. Rd1 Qa5 11. b3 Ba6 12. Nd2 e5 13. Bb2 Rad8 14. Bxe5 dxc4
15. Bc3 cxb3 16. axb3 Qb5 17. Bf1 Qb7 18. Qa2 Nd5 19. Ba5 Rd7 20. Nc4 Bf6 21.
Rac1 Re8 22. Bh3 Rde7 23. Nd6 Rxe2 24. Qxe2 Rxe2 25. Nxb7 Bxb7 26. Re1 Rxe1+
27. Rxe1 g6 28. Re8+ Kg7 29. Bf1 c5 30. Bg2 Bc6 31. Rc8 1-0

[Event "World Chess Olympiad 2018"]
[Site "Batumi"]
[Date "2018.10.05"]
[Round "11.2"]
[White "Efentakis, Katina"]
[Black "Smith, Olivia"]
[Result "0-1"]
[ECO "B01"]
[WhiteElo "1451"]
[BlackElo "2013"]
[PlyCount "94"]
[EventDate "2018.??.??"]
[TimeControl "6000+755"]
[WhiteClock "0:32:15"]
[BlackClock "1:31:07"]

1. e4 d5 2. Nc3 d4 3. Nce2 c5 4. d3 Nc6 5. g3 e5 6. Bg2 Nf6 7. Nf3 Bg4 8. h3
Be6 9. c4 h6 10. h4 Qd7 11. Nh2 Bd6 12. Bd2 Ng4 13. Nxg4 Bxg4 14. Qc2 O-O-O 15.
f3 Be6 16. O-O-O Kb8 17. Kb1 Rhe8 18. g4 Qc7 19. Qb3 a6 20. Qc2 b5 21. b3 Qb6
22. Qb2 Rd7 23. Rc1 Rb7 24. Rc2 a5 25. a3 bxc4 26. bxc4 Qa7 27. Ka2 Rxb2+ 28.
Rxb2+ Kc7 29. Ka1 Rb8 30. Rhb1 Rxb2 31. Rxb2 Bd7 32. Ng3 a4 33. Ka2 Na5 34. Nh5
Bf8 35. Bh3 Nb3 36. Ng3 Nxd2 37. Rxd2 Qa5 38. Nf1 Qc3 39. h5 Qb3+ 40. Ka1 Qxa3+
41. Kb1 Qb3+ 42. Ka1 a3 43. Bg2 Be7 44. f4 Bxg4 45. fxe5 Bg5 46. Rf2 Be6 47.
Rf3 Qb2# 0-1

[Event "World Chess Olympiad 2018"]
[Site "Batumi"]
[Date "2018.10.04"]
[Round "10.1"]
[White "Smith, Olivia"]
[Black "Wang, Chengjia"]
[Result "1-0"]
[ECO "B01"]
[WhiteElo "2013"]
[BlackElo "2050"]
[PlyCount "120"]
[EventDate "2018.??.??"]
[TimeControl "6000+1255"]
[WhiteClock "0:07:40"]
[BlackClock "0:01:58"]

1. e4 d5 2. exd5 Qxd5 3. Nc3 Qd6 4. d4 Nf6 5. Nf3 Bg4 6. h3 Bh5 7. g4 Bg6 8.
Ne5 Nbd7 9. Nxg6 hxg6 10. Bg2 c6 11. Be3 Nb6 12. Qd3 O-O-O 13. O-O-O Qb4 14. a3
Qa5 15. Bd2 e5 16. d5 e4 17. Nxe4 Qxd5 18. Qxd5 Nfxd5 19. Ng5 Rd7 20. f4 Bd6
21. Rhf1 Re8 22. f5 gxf5 23. Rxf5 f6 24. Ne4 Be5 25. b3 Red8 26. Rdf1 Bd4 27.
R5f3 Re7 28. Rd3 Be5 29. c4 Nc7 30. Rxd8+ Kxd8 31. Bb4 Re8 32. Rd1+ Kc8 33.
Nd6+ Bxd6 34. Rxd6 Re3 35. Kc2 Ne6 36. Bd2 Re5 37. h4 Kc7 38. Rd3 c5 39. Bc3
Re2+ 40. Rd2 Rxd2+ 41. Kxd2 Nd7 42. Ke3 b6 43. Bd5 Kd6 44. Ke4 Nc7 45. Bg8 Ke7
46. Bd2 Kf8 47. Bd5 Ke7 48. Bf4 Ne6 49. Be3 Ne5 50. g5 Nf7 51. Kf5 Nd6+ 52. Kg4
fxg5 53. Bxe6 Kxe6 54. Kxg5 Ne8 55. Bf4 Ke7 56. Bb8 Kd7 57. Kg6 a6 58. Be5 b5
59. Bxg7 bxc4 60. bxc4 Nd6 1-0

[Event "World Chess Olympiad 2018"]
[Site "Batumi"]
[Date "2018.10.03"]
[Round "9.2"]
[White "Smith, Olivia"]
[Black "Aleksandrova, Aleksandra"]
[Result "1-0"]
[ECO "B00"]
[WhiteElo "2013"]
[BlackElo "1801"]
[PlyCount "44"]
[EventDate "2018.??.??"]
[TimeControl "6000+1115"]
[WhiteClock "0:20:04"]
[BlackClock "0:09:12"]

1. e4 d6 2. d4 Nd7 3. Nc3 c6 4. f4 e5 5. Nf3 exd4 6. Qxd4 Qb6 7. Be3 Qxb2 8.
Rb1 Qa3 9. Bc4 Nh6 10. O-O Ng4 11. Ng5 d5 12. exd5 Ndf6 13. dxc6 Be6 14. cxb7
Rb8 15. Bxe6 fxe6 16. Nxe6 Kf7 17. Ng5+ Kg6 18. Qd3+ Kh5 19. Rb5 Rxb7 20. Nf7+
Rxb5 21. Qxb5+ Bc5 22. Bxc5 a6 1-0

[Event "World Chess Olympiad 2018"]
[Site "Batumi"]
[Date "2018.10.01"]
[Round "7.2"]
[White "Stojkovska, Monika"]
[Black "Smith, Olivia"]
[Result "1-0"]
[ECO "C42"]
[WhiteElo "2106"]
[BlackElo "2013"]
[PlyCount "115"]
[EventDate "2018.??.??"]
[TimeControl "6000+1160"]
[WhiteClock "0:16:16"]
[BlackClock "0:25:35"]

1. e4 e5 2. Nf3 Nf6 3. Nxe5 Qe7 4. d4 Nc6 5. Nc3 Nxe5 6. dxe5 Qxe5 7. f4 Qe6 8.
e5 Bc5 9. Be2 Ng8 10. Nd5 Kd8 11. Bg4 f5 12. Bf3 c6 13. Be3 Bxe3 14. Nxe3 Ne7
15. Qd4 g5 16. g3 Ng6 17. h4 gxf4 18. gxf4 Re8 19. c4 c5 20. Qxc5 Nxf4 21.
O-O-O Qxe5 22. Nd5 Nxd5 23. Qxd5 Qxd5 24. Rxd5 Rf8 25. Rg1 Rf7 26. Bh5 Rf6 27.
Rg8+ Kc7 28. Rg7 h6 29. Kd2 b6 30. Bf3 Rb8 31. h5 Rd6 32. Rg6 Rxd5+ 33. Bxd5 b5
34. c5 Bb7 35. Bxb7 Kxb7 36. Rxh6 f4 37. Rf6 Rg8 38. Rxf4 Rg2+ 39. Kc3 Rg5 40.
Rh4 Rxc5+ 41. Kd3 Rc8 42. h6 Rh8 43. Ke4 Kc6 44. Ke5 a5 45. Kf6 d5 46. Kg7 Rd8
47. h7 Kc5 48. h8=Q Rxh8 49. Rxh8 Kc4 50. Kf6 d4 51. Ke5 Kd3 52. Rh2 a4 53. Kd5
a3 54. bxa3 Kc3 55. Kc5 d3 56. Kxb5 d2 57. Rxd2 Kxd2 58. a4 1-0

[Event "World Chess Olympiad 2018"]
[Site "Batumi"]
[Date "2018.09.30"]
[Round "6.2"]
[White "Smith, Olivia"]
[Black "Pham, Le Thao Nguyen"]
[Result "0-1"]
[ECO "B28"]
[WhiteElo "2013"]
[BlackElo "2347"]
[PlyCount "80"]
[EventDate "2018.??.??"]
[TimeControl "6000+610"]
[WhiteClock "0:31:31"]
[BlackClock "0:14:00"]

1. e4 c5 2. Nf3 a6 3. d3 Nc6 4. g3 g6 5. Bg2 Bg7 6. O-O Nf6 7. c3 d6 8. Nh4 O-O
9. f4 Bd7 10. f5 b5 11. Be3 Rb8 12. Nd2 b4 13. Nc4 bxc3 14. bxc3 Na5 15. Nd2
Qc7 16. Rb1 Rxb1 17. Nxb1 Nc6 18. fxg6 hxg6 19. Nf3 Rb8 20. Qc2 Qa5 21. h3 Be6
22. Nbd2 Qxa2 23. Qxa2 Bxa2 24. d4 Nd7 25. e5 cxd4 26. cxd4 dxe5 27. dxe5 Ncxe5
28. Ng5 a5 29. Ndf3 Nxf3+ 30. Bxf3 Ne5 31. Be4 a4 32. Bc5 Bf6 33. h4 Nd7 34.
Be3 a3 35. Nf3 Bc4 36. Rc1 a2 37. Bd4 Be2 38. Bxf6 Nxf6 39. Ng5 Nxe4 40. Nxe4
Rb1 0-1

[Event "World Chess Olympiad 2018"]
[Site "Batumi"]
[Date "2018.09.28"]
[Round "5.2"]
[White "Hernandez, Bera"]
[Black "Smith, Olivia"]
[Result "0-1"]
[ECO "A45"]
[WhiteElo "1778"]
[BlackElo "2013"]
[PlyCount "106"]
[EventDate "2018.??.??"]
[TimeControl "6000+1420"]
[WhiteClock "0:04:01"]
[BlackClock "0:10:49"]

1. d4 Nf6 2. Bf4 d5 3. e3 c5 4. c3 e6 5. Nf3 Nc6 6. Nbd2 Bd6 7. Bg3 O-O 8. Bd3
b6 9. e4 Be7 10. e5 Nd7 11. Qc2 g6 12. h4 cxd4 13. h5 dxc3 14. bxc3 Nc5 15.
hxg6 Nxd3+ 16. Qxd3 fxg6 17. Qe3 Rf7 18. Nf1 Bb7 19. N1h2 d4 20. cxd4 Nb4 21.
Rc1 Nxa2 22. Rc2 Nb4 23. Rc1 Nd5 24. Qe2 Bb4+ 25. Kf1 Rc8 26. Ra1 Rfc7 27. Kg1
Rc2 28. Qd1 a5 29. Ng4 h5 30. Bh4 Qc7 31. Nh6+ Kh7 32. Bg5 Be7 33. Nf7 Kg7 34.
Bxe7 Nxe7 35. N7g5 Bd5 36. Qd3 Qc3 37. Qxc3 R8xc3 38. Rb1 Rc1+ 39. Kh2 Rxh1+
40. Kxh1 Rc6 41. Kg1 a4 42. Ne1 Nf5 43. Nd3 Bb3 44. Nb4 Rc3 45. d5 exd5 46.
Nxd5 Bxd5 47. Rxb6 a3 48. Ra6 a2 49. Ra7+ Kg8 50. Kh2 Rc1 51. Rd7 a1=Q 52. Rd8+
Kg7 53. Rd7+ Kh6 0-1

[Event "World Chess Olympiad 2018"]
[Site "Batumi"]
[Date "2018.09.27"]
[Round "4.1"]
[White "Anandpara, Jayendra Saloni"]
[Black "Smith, Olivia"]
[Result "0-1"]
[ECO "B01"]
[WhiteElo "1326"]
[BlackElo "2013"]
[PlyCount "78"]
[EventDate "2018.??.??"]
[TimeControl "6000+555"]
[WhiteClock "0:04:54"]
[BlackClock "0:55:55"]

1. e4 d5 2. exd5 Nf6 3. Nc3 Nxd5 4. Nxd5 Qxd5 5. c4 Qa5 6. h3 Nc6 7. Bd3 Nb4 8.
Qb3 Be6 9. a3 Nxd3+ 10. Qxd3 Qc5 11. Qb3 Bxc4 12. Qe3 e6 13. b4 Qxe3+ 14. dxe3
a5 15. bxa5 Rxa5 16. Bb2 Bd6 17. Nf3 O-O 18. Nd2 Bd3 19. a4 Bb4 20. Rc1 c6 21.
Bc3 Rxa4 22. Bxb4 Rxb4 23. Rc3 Bb5 24. Nb3 Rd8 25. f3 Ba4 26. O-O Rxb3 27. Rxb3
Bxb3 28. Rb1 Bc4 29. Rxb7 g6 30. Rb4 Bb5 31. Rd4 Rxd4 32. exd4 Kg7 33. h4 Kf6
34. Kf2 e5 35. Ke3 Ke6 36. f4 exd4+ 37. Kxd4 Kf5 38. g3 h5 39. Kc5 Kg4 0-1

[Event "World Chess Olympiad 2018"]
[Site "Batumi"]
[Date "2018.09.26"]
[Round "3.2"]
[White "Franco Valencia, Beatriz Irene"]
[Black "Smith, Olivia"]
[Result "1-0"]
[ECO "E62"]
[WhiteElo "2191"]
[BlackElo "2013"]
[PlyCount "95"]
[EventDate "2018.??.??"]
[TimeControl "6000+790"]
[WhiteClock "0:20:48"]
[BlackClock "0:26:13"]

1. d4 Nf6 2. Nf3 g6 3. c4 Bg7 4. Nc3 O-O 5. g3 d6 6. Bg2 Nc6 7. d5 Na5 8. Nd2
c5 9. O-O a6 10. e4 Rb8 11. a4 Bd7 12. Re1 Ng4 13. h3 Ne5 14. Qe2 b5 15. axb5
axb5 16. cxb5 c4 17. Rd1 Nd3 18. Nxc4 Nb3 19. Qxd3 Nxa1 20. Be3 Nb3 21. b6 Nc5
22. Qc2 Qc8 23. b4 Nb7 24. Qb3 Bxh3 25. Bxh3 Qxh3 26. Na5 Nxa5 27. bxa5 Qg4 28.
Nb5 h5 29. Bd4 h4 30. Bxg7 Kxg7 31. Nd4 hxg3 32. fxg3 Rh8 33. Qf3 Qxf3 34. Nxf3
Ra8 35. Nd4 Rxa5 36. Rb1 Raa8 37. b7 Rab8 38. Nc6 e6 39. dxe6 fxe6 40. Kf2 e5
41. Ke3 Kf6 42. Kd3 Ke6 43. Kc4 Kd7 44. Kd5 Kc7 45. Nxb8 Rxb8 46. g4 g5 47. Rb2
Kd7 48. Rh2 1-0

[Event "World Chess Olympiad 2018"]
[Site "Batumi"]
[Date "2018.09.25"]
[Round "2.2"]
[White "Smith, Olivia"]
[Black "Tsolakidou, Stavroula"]
[Result "0-1"]
[ECO "B40"]
[WhiteElo "2013"]
[BlackElo "2393"]
[PlyCount "88"]
[EventDate "2018.??.??"]
[TimeControl "6000+1160"]
[WhiteClock "0:22:23"]
[BlackClock "0:31:02"]

1. e4 c5 2. Nf3 e6 3. g3 Nc6 4. Bg2 Nf6 5. Qe2 d6 6. O-O Be7 7. d3 O-O 8. c3 e5
9. h3 Re8 10. Nbd2 Bf8 11. a4 d5 12. Re1 Rb8 13. Nf1 h6 14. g4 d4 15. Ng3 dxc3
16. bxc3 c4 17. dxc4 Qc7 18. g5 hxg5 19. Nxg5 g6 20. Qf3 Bg7 21. Be3 Na5 22. c5
Nb3 23. Ra2 Nxc5 24. Qe2 b6 25. h4 Ba6 26. c4 Rbd8 27. Rd2 Rxd2 28. Bxd2 Nb3
29. Bc3 Bxc4 30. Qb2 Nc5 31. Ra1 Ng4 32. Nh3 Qe7 33. h5 Qh4 34. hxg6 fxg6 35.
Qd2 Rf8 36. Qg5 Qxg5 37. Nxg5 Nxf2 38. a5 Bh6 39. axb6 axb6 40. Bd2 Nb3 41. Rb1
Nxd2 42. Rxb6 Bxg5 43. Rxg6+ Kh7 44. Rxg5 Nh3+ 0-1

[Event "World Chess Olympiad 2018"]
[Site "Batumi"]
[Date "2018.10.05"]
[Round "11.3"]
[White "Camp, Imogen A L"]
[Black "Jefo, Suzete Vicente"]
[Result "1-0"]
[ECO "E11"]
[WhiteElo "1940"]
[BlackElo "1379"]
[PlyCount "95"]
[EventDate "2018.??.??"]
[TimeControl "6000+560"]
[WhiteClock "1:48:22"]
[BlackClock "0:21:45"]

1. d4 Nf6 2. c4 e6 3. Nf3 Bb4+ 4. Bd2 Bxd2+ 5. Qxd2 d5 6. Nc3 Nc6 7. e3 b6 8.
cxd5 exd5 9. Bb5 Bd7 10. Rc1 O-O 11. Nxd5 Nxd4 12. Nxf6+ Qxf6 13. Nxd4 Rfd8 14.
Bxd7 Rxd7 15. Qe2 Rad8 16. O-O c5 17. Nf3 g5 18. h3 Qf5 19. Rfd1 h6 20. Rxd7
Qxd7 21. Rc2 Qe6 22. a3 Rd7 23. Rd2 Re7 24. Rd8+ Kg7 25. Qd2 f6 26. Qd5 Qxd5
27. Rxd5 Kg6 28. Kf1 Kf7 29. Nd2 Kg6 30. Ke2 Kf7 31. Kd3 Ke6 32. e4 Kf7 33. Nc4
Ke6 34. f3 h5 35. Rd6+ Kf7 36. Ne3 Re6 37. Rxe6 Kxe6 38. Nf5 Ke5 39. Ke3 b5 40.
g3 a5 41. f4+ gxf4+ 42. gxf4+ Ke6 43. Ng7+ Kf7 44. Nxh5 Kg6 45. Ng3 a4 46. h4
b4 47. Kd3 bxa3 48. bxa3 1-0

[Event "World Chess Olympiad 2018"]
[Site "Batumi"]
[Date "2018.10.04"]
[Round "10.3"]
[White "Camp, Imogen A L"]
[Black "Lee, Seyeon"]
[Result "1/2-1/2"]
[ECO "D55"]
[WhiteElo "1940"]
[BlackElo "1727"]
[PlyCount "89"]
[EventDate "2018.??.??"]
[TimeControl "6000+1200"]
[WhiteClock "0:18:48"]
[BlackClock "0:14:41"]

1. d4 d5 2. c4 e6 3. Nc3 Nf6 4. Bg5 Be7 5. e3 b6 6. cxd5 exd5 7. Nf3 Bb7 8. Ne5
O-O 9. Bd3 Nbd7 10. f4 Ne4 11. Bxe7 Qxe7 12. O-O Ndf6 13. Rc1 c5 14. Ne2 Rac8
15. Qe1 Nd7 16. Rf3 f6 17. Nxd7 Qxd7 18. Rh3 g6 19. Ng3 f5 20. Ne2 Qe7 21. Rf3
Rc7 22. Kh1 Re8 23. Ng1 cxd4 24. Rxc7 Qxc7 25. exd4 Nd6 26. Re3 Rxe3 27. Qxe3
Ne4 28. Nf3 Qc8 29. Ne5 Ba6 30. Bb1 Qe8 31. h3 Qb5 32. Qc1 Qf1+ 33. Qxf1 Bxf1
34. Kg1 Bb5 35. Bd3 Bxd3 36. Nxd3 Kf7 37. Kf1 Ke6 38. Ke2 Nd6 39. Ne5 Nb5 40.
Kd3 Nd6 41. a4 Ne4 42. b4 a6 43. Nc6 Kd6 44. Nb8 a5 45. b5 1/2-1/2

[Event "World Chess Olympiad 2018"]
[Site "Batumi"]
[Date "2018.10.03"]
[Round "9.4"]
[White "Camp, Imogen A L"]
[Black "Sovietova, Kateryna"]
[Result "1-0"]
[ECO "D02"]
[WhiteElo "1940"]
[BlackElo "1353"]
[PlyCount "77"]
[EventDate "2018.??.??"]
[TimeControl "6000+1215"]
[WhiteClock "0:29:13"]
[BlackClock "0:01:37"]

1. d4 Nf6 2. Nf3 d5 3. Bf4 e6 4. e3 c5 5. c3 Nc6 6. Nbd2 b6 7. Bb5 Bd7 8. Qe2
Be7 9. h3 O-O 10. Bd3 h6 11. g4 Nh7 12. h4 f6 13. Bc2 f5 14. gxf5 exf5 15.
O-O-O Bc8 16. Rdg1 Rf6 17. Ne5 Bb7 18. Nxc6 Bxc6 19. Be5 Rf7 20. Bxf5 Kh8 21.
Be6 Bf6 22. Bxf7 Bxe5 23. dxe5 Qe7 24. e6 Be8 25. Qg4 Qf8 26. Qg6 Bxf7 27. exf7
Nf6 28. Rg2 Rb8 29. Rhg1 Rb7 30. Qxg7+ Qxg7 31. Rxg7 Rxf7 32. Rxf7 Ne8 33. Rf8+
Kh7 34. Rxe8 h5 35. Re7+ Kh6 36. Rgg7 a5 37. f4 a4 38. f5 b5 39. Rg6# 1-0

[Event "World Chess Olympiad 2018"]
[Site "Batumi"]
[Date "2018.10.02"]
[Round "8.3"]
[White "Camp, Imogen A L"]
[Black "Hamid, Rani"]
[Result "0-1"]
[ECO "E16"]
[WhiteElo "1940"]
[BlackElo "1909"]
[PlyCount "112"]
[EventDate "2018.??.??"]
[TimeControl "6000+1235"]
[WhiteClock "0:11:26"]
[BlackClock "1:02:49"]

1. d4 Nf6 2. c4 e6 3. Nf3 b6 4. g3 Bb4+ 5. Bd2 Be7 6. Bg2 Bb7 7. O-O O-O 8. Nc3
d5 9. Ne5 c5 10. Bf4 Nc6 11. cxd5 Nxd5 12. Nxd5 exd5 13. dxc5 Nxe5 14. Bxe5
bxc5 15. Qb3 Qd7 16. Rfd1 Rfd8 17. Rac1 Bc6 18. Rd2 Rac8 19. Qd1 d4 20. Bxc6
Rxc6 21. Bxd4 cxd4 22. Rxc6 Qxc6 23. Rxd4 Rxd4 24. Qxd4 a6 25. Qd2 g6 26. h4
Qe6 27. b3 Qe5 28. e3 a5 29. Kg2 h5 30. Qc1 Kg7 31. Qc4 Bb4 32. a4 Qf6 33. Qe2
Qc3 34. Qd1 Qb2 35. Kf1 Qc3 36. Kg2 Qc6+ 37. Kg1 Qe4 38. Kh2 Qf5 39. Kg1 Qg4
40. Qc2 Kh7 41. Kg2 Qd7 42. Qc4 Qb7+ 43. Kg1 Qf3 44. Qc2 Be1 45. Kf1 Qh1+ 46.
Ke2 Bxf2 47. Qc7 Qe1+ 48. Kf3 Qxe3+ 49. Kg2 Qa7 50. Qc4 Bc5 51. g4 Qb7+ 52. Kg3
Bd6+ 53. Kf2 hxg4 54. Qxg4 Qxb3 55. h5 Qc2+ 56. Kf1 Qf5+ 0-1

[Event "World Chess Olympiad 2018"]
[Site "Batumi"]
[Date "2018.09.30"]
[Round "6.3"]
[White "Nguyen, Thi Mai Hung"]
[Black "Camp, Imogen A L"]
[Result "1-0"]
[ECO "D37"]
[WhiteElo "2244"]
[BlackElo "1940"]
[PlyCount "62"]
[EventDate "2018.??.??"]
[TimeControl "6000+1275"]
[WhiteClock "0:21:47"]
[BlackClock "0:00:33"]

1. d4 d5 2. c4 e6 3. Nf3 Nf6 4. Nc3 Be7 5. e3 O-O 6. Qc2 c5 7. a3 b6 8. cxd5
exd5 9. Bd3 Bb7 10. O-O Nc6 11. Rd1 c4 12. Bf5 Bc8 13. e4 Bxf5 14. exf5 Na5 15.
Bf4 Nb3 16. Rab1 a6 17. Re1 h6 18. Rbd1 Bd6 19. Be5 Be7 20. Bg3 b5 21. Bh4 Re8
22. Bxf6 gxf6 23. Nd2 Nxd4 24. Qb1 Qd7 25. Nf1 Bc5 26. Rxe8+ Rxe8 27. Ne3 Re5
28. Ng4 Rxf5 29. Nxh6+ Kf8 30. Nxf5 Nxf5 31. Rxd5 Bxf2+ 1-0

[Event "World Chess Olympiad 2018"]
[Site "Batumi"]
[Date "2018.09.28"]
[Round "5.4"]
[White "Garcia Mendez, Alcira Guadalup"]
[Black "Camp, Imogen A L"]
[Result "1/2-1/2"]
[ECO "C47"]
[WhiteElo "1741"]
[BlackElo "1940"]
[PlyCount "178"]
[EventDate "2018.??.??"]
[TimeControl "6000+1265"]
[WhiteClock "0:02:42"]
[BlackClock "0:03:13"]

1. e4 e5 2. Nf3 Nc6 3. Nc3 Nf6 4. d4 exd4 5. Nxd4 Bb4 6. Nxc6 bxc6 7. Bd3 O-O
8. O-O Re8 9. Qf3 d6 10. Bg5 h6 11. Bh4 Qe7 12. h3 Bxc3 13. bxc3 Qe5 14. Rfe1
Qxc3 15. e5 Nd5 16. Rad1 Rxe5 17. Re4 Bd7 18. Rc4 Qa5 19. Bg3 Re1+ 20. Rxe1
Qxe1+ 21. Kh2 Nf6 22. Bh4 Qe5+ 23. Kg1 Rb8 24. g4 Rb1+ 25. Kg2 Qe1 26. Kg3 Qg1+
27. Qg2 g5 28. Qxg1 gxh4+ 29. Kg2 Rxg1+ 30. Kxg1 c5 31. Rc3 a5 32. Ra3 a4 33.
c4 h5 34. g5 Nh7 35. f4 Nf8 36. f5 Nh7 37. g6 fxg6 38. fxg6 Ng5 39. Bc2 Nxh3+
40. Kh2 Nf4 41. Bxa4 Be6 42. Bb3 Nxg6 43. Ra7 Ne5 44. Rxc7 Nf3+ 45. Kg2 Nd2 46.
Rc6 Nxc4 47. Bxc4 Bxc4 48. Rxd6 Bxa2 49. Kh3 Bf7 50. Kxh4 c4 51. Kg5 Kg7 52.
Rd7 c3 53. Rc7 c2 54. Rxc2 Kh8 55. Rc7 Bg8 56. Kxh5 Bh7 57. Kh6 Bg8 58. Kg6 Ba2
59. Rh7+ Kg8 60. Rb7 Kh8 61. Rb2 Bc4 62. Kf6 Bg8 63. Rg2 Bh7 64. Kf7 Bb1 65.
Rg8+ Kh7 66. Rg1 Ba2+ 67. Kf8 Bd5 68. Rg5 Ba2 69. Rg7+ Kh8 70. Rg1 Bd5 71. Rg4
Kh7 72. Rg7+ Kh8 73. Rg5 Be4 74. Rg4 Bh7 75. Kf7 Bb1 76. Rg8+ Kh7 77. Rg1 Ba2+
78. Kf6 Kh8 79. Rh1+ Kg8 80. Kg6 Bc4 81. Rc1 Bd3+ 82. Kh6 Bf5 83. Rd1 Bc2 84.
Rd2 Bb1 85. Rb2 Bf5 86. Rg2+ Kh8 87. Rf2 Bh7 88. Rf8+ Bg8 89. Rxg8+ Kxg8
1/2-1/2

[Event "World Chess Olympiad 2018"]
[Site "Batumi"]
[Date "2018.09.27"]
[Round "4.3"]
[White "Ng, Sau Wai"]
[Black "Camp, Imogen A L"]
[Result "0-1"]
[ECO "A13"]
[WhiteElo "1222"]
[BlackElo "1940"]
[PlyCount "42"]
[EventDate "2018.??.??"]
[TimeControl "6000+975"]
[WhiteClock "0:16:21"]
[BlackClock "0:07:38"]

1. c4 e6 2. g3 d5 3. Bg2 Nf6 4. Nf3 Be7 5. Nc3 O-O 6. O-O c5 7. cxd5 exd5 8. d3
Nc6 9. Bg5 h6 10. Bd2 Re8 11. Qc2 Bf5 12. Rad1 c4 13. Bc1 cxd3 14. exd3 Rc8 15.
a3 Qd7 16. Rfe1 a6 17. Qb3 Bc5 18. Kf1 Bh3 19. Na4 Qf5 20. Bf4 Bd6 21. Bxd6
Qxf3 0-1